 Dungeon Crawl Stone Soup version 0.22-a0-414-gacd343e (webtiles) character file.

198 tilp the Chiller (level 5, -7/35 HPs)
             Began as a Merfolk Ice Elementalist on May 13, 2018.
             Was an Initiate of Makhleb.
             Killed from afar by an orc wizard (10 damage)
             ... with a puff of frost
             ... on level 4 of the Dungeon.
             The game lasted 00:11:41 (3993 turns).

tilp the Chiller (Merfolk Ice Elementalist)         Turns: 3993, Time: 00:11:42

Health: -7/35      AC:  2    Str:  8    XL:     5   Next: 77%
Magic:  2/8        EV: 13    Int: 16    God:    Makhleb [......]
Gold:   114        SH:  0    Dex: 14    Spells: 2/8 levels left

rFire    . . .     SeeInvis .   a - +2 trident (flame)
rCold    . . .     Gourm    .   (no shield)
rNeg     . . .     Faith    .   n - +0 robe
rPois    .         Spirit   .   (no helmet)
rElec    .         Reflect  .   (no cloak)
rCorr    .         Harm     .   (no gloves)
MR       .....                  (no boots)
Stlth    ++........             (no amulet)
HPRegen  0.11/turn              (no ring)
MPRegen  0.11/turn              (no ring)

@: no status effects
A: change form in water, swift swim, stealthy swim
a: Renounce Religion


You were on level 4 of the Dungeon.
You worshipped Makhleb.
Makhleb was noncommittal.
You were very hungry.

You visited 1 branch of the dungeon, and saw 4 of its levels.

You collected 114 gold pieces.

Inventory:

Hand Weapons
 a - a +2 trident of flaming (weapon)
 b - a +0 hunting sling
 o - a +1 whip of draining
Missiles
 e - 123 stones (quivered)
Armour
 n - a +0 robe (worn)
Jewellery
 r - an uncursed amulet of the gourmand {unknown}
Scrolls
 h - a scroll of remove curse {unknown}
 i - 3 scrolls of teleportation {unknown}
 j - a scroll of immolation {unknown}
 k - 3 scrolls of identify {unknown}
 m - 2 scrolls of magic mapping {unknown}
 p - a scroll of noise {unknown}
 q - a scroll of fear {unknown}
Potions
 d - 2 potions of curing {unknown}
 f - a potion of brilliance {unknown}
 g - 2 potions of lignification {unknown}
 l - a potion of invisibility {unknown}
Comestibles
 c - 9 rations


   Skills:
 - Level 2.6 Dodging
 - Level 2.1 Stealth
 - Level 2.0 Spellcasting
 - Level 0.7 Conjurations
 + Level 6.9 Ice Magic


You had 2 spell levels left.
You knew the following spells:

 Your Spells              Type           Power        Failure   Level  Hunger
a - Freeze                Ice            ###.         1%          1    #......
b - Throw Frost           Conj/Ice       ##....       7%          2    ###....
c - Ozocubu's Armour      Chrm/Ice       ##......     16%         3    ###....

Your spell library contained the following spells:

 Spells                   Type           Power        Failure   Level  Hunger
 Confuse                  Hex            #.......     52%         3    ###....
 Summon Ice Beast         Ice/Summ       ##......     45%         4    #####..
 Tukima's Dance           Hex            #.......     52%         3    ###....
 Throw Icicle             Conj/Ice       ##......     41%         4    #####..
 Ensorcelled Hibernation  Hex/Ice        ##....       8%          2    ###....
 Corona                   Hex            #......      21%         1    #......
 Dazzling Spray           Conj/Hex       #.....       47%         3    ###....


Dungeon Overview and Level Annotations

Branches:
Dungeon (4/15)
 Temple: D:4-7

Altars:
Ashenzari
Dithmenos
Makhleb
Xom
The Shining One

Annotations:
D:2 2 exclusions, Sigmund, Terence
D:4 exclusion: ogre


Message History

The orc wizard is severely wounded.
The orc wizard closely misses you.
You barely miss the orc wizard.
The orc wizard is severely wounded.
The orc wizard points at you and mumbles some strange words.
The puff of frost hits you!
The orc priest mumbles some strange prayers to Beogh against you.
Beogh smites you! The orc wizard hits you with a dagger.
The orc wizard gestures at you while chanting.
The puff of frost hits you!
* * * LOW HITPOINT WARNING * * *
An orc wizard comes into view. It is wielding a dagger.
The orc wizard casts a spell.
The orc wizard seems to speed up.
The orc wizard miscasts a cantrip.
You are feeling very hungry.
There is a stone staircase leading up here.
The orc wizard points at you and mumbles some strange words.
The puff of frost hits you!
You die...

#...............###
#.######'######....
########.o.............#
###........#o####+####.#....
....o......##..##.##..## ..
............###.....###
o..#######..#####.### ..
....##...####.######
........@..ooo......#
.....#############.... ....
.# .O. .. .


You could see an orc priest and 2 orc wizards.

Vanquished Creatures
  2 orc wizards
  6 adders
  A worm (D:3)
  A leopard gecko (D:1)
  7 orcs (D:3)
  4 giant cockroaches
  9 goblins
  7 hobgoblins
  5 jackals
  13 kobolds
  A quokka (D:2)
  A ball python (D:1)
  10 bats
  5 frilled lizards
  9 rats
81 creatures vanquished.

Notes
Turn   | Place    | Note
-------+----------+-------------------------------------------
     0 | D:1      | tilp the Merfolk Ice Elementalist began the quest for the Orb.
     0 | D:1      | Reached XP level 1. HP: 13/13 MP: 3/3
   191 | D:1      | Reached XP level 2. HP: 13/19 MP: 5/5
   195 | D:1      | Learned a level 2 spell: Throw Frost
   395 | D:1      | Reached skill level 4 in Ice Magic
   837 | D:1      | Reached XP level 3. HP: 24/24 MP: 4/6
   842 | D:1      | Learned a level 3 spell: Ozocubu's Armour
  1542 | D:1      | Reached skill level 5 in Ice Magic
  1760 | D:2      | Noticed Sigmund
  1966 | D:2      | Reached XP level 4. HP: 30/30 MP: 4/7
  1982 | D:2      | Found a glowing golden altar of the Shining One.
  2033 | D:2      | Noticed Terence
  2091 | D:2      | Found a shimmering altar of Xom.
  2639 | D:3      | Reached skill level 6 in Ice Magic
  2786 | D:3      | Reached XP level 5. HP: 29/35 MP: 8/8
  2850 | D:3      | Found a shadowy altar of Dithmenos.
  2851 | D:3      | Found a burning altar of Makhleb.
  2855 | D:3      | Became a worshipper of Makhleb the Destroyer
  2916 | D:3      | Found a shattered altar of Ashenzari.
  3919 | D:4      | Noticed an ogre
  3993 | D:4      | Killed from afar by an orc wizard

Vault maps used:
D:1:      dpeg_arrival_castle
D:2:      lemuel_doored_altar, lemuel_statue_altar, uniq_sigmund, uniq_terence
D:3:      evilmike_ruin_ashenzari, gammafunk_temple_overflow_statue
D:4:      minmay_temple_entry_statues_pillars, first_ration, interstate_on_off

Skill      XL: |  1  2  3  4 |
---------------+-------------+-----
Ice Magic      | 4 5 6 |  6.9
Dodging        | |  2.6
Stealth        | |  2.1
Spellcasting   | |  2.0
Conjurations   | |  0.7

Action                   |  1- 3 |  4- 6 || total
-------------------------+-------+-------++-------
Melee: Trident           |       |    64 ||    64
 Fire: Hunting sling     |    89 |    18 ||   107
Throw: Stone             |       |     3 ||     3
 Cast: Freeze            |    33 |    15 ||    48
       Ozocubu's Armour  |     5 |     4 ||     9
       Throw Frost       |       |     9 ||     9
 Stab: Sleeping          |       |     4 ||     4
       Distracted        |       |     1 ||     1
  Eat: Chunk             |     4 |     7 ||    11
Armor: Robe              |    12 |     7 ||    19
Dodge: Dodged            |    44 |    45 ||    89

Table legend:
 A = Spawn XP
 B = Non-spawn XP
 C = Spawn XP percentage of total XP
 D = Spawn monster count
 E = Non-spawn monster count
 F = Spawn count percentage of total count
 G = Total turns spent on level
                    A         B        C        D         E        F      G
               +---------+---------+-------+---------+---------+-------+---------
         Total |       0 |     284 |   0.0 |       0 |      81 |   0.0 |  3993
               +---------+---------+-------+---------+---------+-------+---------
           D:1 |       0 |      61 |   0.0 |       0 |      38 |   0.0 |  1742
           D:2 |       0 |      48 |   0.0 |       0 |      16 |   0.0 |   705
           D:3 |       0 |     135 |   0.0 |       0 |      26 |   0.0 |  1458
           D:4 |       0 |      40 |   0.0 |       0 |       1 |   0.0 |    88
               +---------+---------+-------+---------+---------+-------+---------
